 Dungeon Crawl Stone Soup version 0.30.0-17-ge0270778cf (webtiles) character file.

Game seed: 12531731007885143158

22780 ripuliukko the Thaumaturge (level 12, -4/64 HPs)
             Began as a Deep Elf Earth Elementalist on May 21, 2023.
             Was an Elder of Vehumet.
             Killed from afar by Lodul (28 damage)
             ... with a bolt of lightning
             ... on level 13 of the Dungeon.
             The game lasted 00:27:19 (15426 turns).

ripuliukko the Thaumaturge (DEEE)                  Turns: 15426, Time: 00:27:20

Health: -4/64      AC: 13    Str:  9    XL:     12   Next: 66%
Magic:  8/32       EV: 12    Int: 26    God:    Vehumet [****..]
Gold:   677        SH: 11    Dex: 15    Spells: 14/39 levels left

rFire   + . .        a - staff of conjuration
rCold   + . .        H - +1 buckler {rF+}
rNeg    + . .        G - +3 leather armour {rPois}
rPois   +            g - +2 helmet
rElec   .            n - +0 cloak
rCorr   .            (no gloves)
SInv    +            F - +2 pair of boots {Fly}
Will    ++...        M - amulet of reflection
Stlth   ++           e - ring of willpower
HPRegen 0.30/turn    C - ring "Norghehoi" {rC+ rN+ Str+4 SInv}
MPRegen 0.23/turn

%: reflection
@: flying
A: no striking features
a: Renounce Religion


You were on level 13 of the Dungeon.
You worshipped Vehumet.
Vehumet was greatly pleased with you.
You visited 2 branches of the dungeon, and saw 14 of its levels.
You also visited: Sewer and Ossuary.

You collected 1830 gold pieces.
You spent 1153 gold pieces at shops.

Inventory:

Hand Weapons
 b - a +3 heavy quarterstaff
Missiles
 N - 3 curare-tipped darts
Armour
 g - a +2 helmet (worn)
 n - a +0 cloak (worn)
 F - a +2 pair of boots of flying (worn)
 G - a +3 leather armour of poison resistance (worn)
 H - a +1 buckler of fire resistance (worn)
 P - a +2 robe of cold resistance
Magical Staves
 a - a staff of conjuration (weapon)
Jewellery
 e - a ring of willpower (left hand)
 m - a +6 ring of strength
 y - a ring of flight
 C - the ring "Norghehoi" (right hand) {rC+ rN+ Str+4 SInv}
   (You acquired it on level 12 of the Dungeon)

   [ring of see invisible]

   Str:       It affects your strength (+4).
   rC:        It protects you from cold.
   rN:        It protects you from negative energy.
   SInv:      It lets you see invisible.
 J - a ring of wizardry
 M - an amulet of reflection (around neck)
 O - a ring of ice
 S - a ring of positive energy
Wands
 E - a wand of digging (4)
 L - a wand of flame (14)
 R - a wand of iceblast (3)
Scrolls
 c - 2 scrolls of fear
 i - 2 scrolls of enchant weapon
 j - 2 scrolls of immolation
 q - 4 scrolls of amnesia
 s - 7 scrolls of teleportation
 A - a scroll of fog
 B - a scroll of enchant armour
 D - 9 scrolls of identify
 Q - a scroll of blinking
Potions
 d - 2 potions of brilliance
 f - 14 potions of curing
 h - 4 potions of haste
 k - 2 potions of resistance
 l - 4 potions of heal wounds
 o - a potion of magic
 p - 2 potions of berserk rage
 r - 3 potions of might
 t - 3 potions of lignification
 u - a potion of ambrosia
 v - 4 potions of attraction
 w - 5 potions of flight
 x - a potion of cancellation {unknown}
 z - a potion of mutation
Miscellaneous
 I - a lightning rod (4/4)


   Skills:
 + Level 2.4 Fighting
 + Level 3.0 Staves
 * Level 3.1 Throwing
 * Level 3.4 Armour
 + Level 4.4 Dodging
 + Level 3.5 Stealth
 * Level 4.2 Shields
 + Level 14.4 Spellcasting
 * Level 9.9 Conjurations
 + Level 1.3 Transmutations
 * Level 6.5 Fire Magic
 + Level 2.4 Air Magic
 + Level 10.1 Earth Magic
 + Level 3.6 Poison Magic
 * Level 6.3 Evocations


You had 14 spell levels left.
You knew the following spells:

 Your Spells              Type           Power      Damage    Failure   Level
a - Sandblast             Erth           100%       2d20      1%          1
b - Swiftness             Air            31%        N/A       6%          3
c - Mephitic Cloud        Conj/Pois/Air  63%        N/A       1%          3
e - Iskenderun's Mystic   Conj/Tloc      61%        2d13      2%          4
q - Stone Arrow           Conj/Erth      100%       3d13      1%          3
r - Plasma Beam           Fire/Air       20%        2x1d35    34%         6
w - Fireball              Conj/Fire      37%        3d15      1%          5

Your spell library contained the following spells:

 Spells                   Type           Power      Damage    Failure   Level
 Foxfire                  Conj/Fire      100%       2x1d9     1%          1
 Magic Dart               Conj           100%       1d8       1%          1
 Momentum Strike          Conj/Tloc      100%       3d10      1%          2
 Passwall                 Tmut/Erth      40%        N/A       1%          2
 Poisonous Vapours        Pois/Air       68%        N/A       1%          2
 Static Discharge         Conj/Air       100%       2-7/arc   1%          2
 Arcjolt                  Conj/Air       33%        1d43      3%          5
 Frozen Ramparts          Ice            36%        1d6       4%          3
 Petrify                  Tmut/Erth      48%        N/A       5%          4
 Blink                    Tloc           36%        N/A       9%          2
 Call Imp                 Summ           36%        N/A       9%          2
 Lesser Beckoning         Tloc           36%        N/A       9%          2
 Gell's Gravitas          Tloc           18%        N/A       17%         3
 Teleport Other           Tloc           18%        N/A       17%         3
 Summon Lightning Spire   Summ/Air       25%        N/A       34%         4
 Passage of Golubria      Tloc           18%        N/A       50%         4
 Summon Forest            Summ/Tloc      9%         N/A       85%         5
 Ignition                 Fire           25%        3d9       99%         8
 Dispersal                Tloc           9%         N/A       100%        6
 Fire Storm               Conj/Fire      37%        8d10      100%        9


Dungeon Overview and Level Annotations

Branches:
Dungeon (13/15)            Temple (1/1) D:4            Lair (0/5) D:10
    Orc (0/2) D:10          Sewer (visited)         Ossuary (visited)
 Vaults: D:13-14

Altars:
Ashenzari
Cheibriados
Dithmenos
Elyvilon
Fedhas
Gozag
Hepliaklqana
Kikubaaqudgha
Makhleb
Nemelex Xobeh
Okawaru
Qazlal
Ru
Sif Muna
Trog
Uskayaw
Vehumet
Wu Jian
Xom
Yredelemnul
Zin
The Shining One

Shops:
D:4 *   D:7 *   D:9 [

Annotations:
D:13 Lodul


Message History

You feel sick.
An ogre comes into view. It is wielding a +0 giant club. x2
You feel better.
An ogre comes into view. It is wielding a +0 giant spiked club.
Unknown command.
Casting: Fireball (dangerous; 1% risk of failure)
Confirm with . or Enter, or press ? or * to list all spells.
Aiming: Fireball (dangerous; 1% risk of failure)
Press: ? - help, Shift-Dir - straight line, f - ogre
Aim: an ogre, wielding a +0 giant club You feel a surge of power!
The fireball explodes!
The fireball engulfs the ogre!!
You kill the ogre!
Vehumet accepts your kill.
You feel your power returning.
The fireball engulfs the ogre!!
The ogre is severely wounded.
The ogre shouts!
The fireball engulfs Lodul!!
Lodul is moderately wounded.
Lodul shouts!
Vehumet accepts your kill.
You feel your power returning.
You feel a bit more experienced.
You hear a shout!
Unknown command.
Okay, then.
Casting: Fireball (dangerous; 1% risk of failure)
Confirm with . or Enter, or press ? or * to list all spells.
Aiming: Fireball (dangerous; 1% risk of failure)
Press: ? - help, Shift-Dir - straight line, f - Lodul
Aim: Lodul, wielding a +0 dire flail (moderately wounded)
You feel a surge of power!
The fireball explodes!
The fireball engulfs Lodul!!
Lodul is almost dead.
The fireball engulfs the ogre!!
You kill the ogre!
Vehumet accepts your kill.
You feel your power returning.
An orc comes into view. It is wielding a +0 broad axe.
Electricity crackles from Lodul's apparatus.
The bolt of lightning hits you!!
You die...

#### #...
#... #..# #
#..# .#
#..#####).###
#.........O..
#..).@.)..)O.
#.)#######o).
#..# #.)#
#..#######
#...........
#...........
#.........#
#.........#


You could see Lodul, an ogre and an orc (wandering).

Vanquished Creatures
  Fannar (D:11)
  Erica (D:11)
  A centaur warrior (D:9)
  5 two-headed ogres
  2 boulder beetles
  A tengu warrior (D:13)
  Sonja (D:11)
  An ugly thing (D:9)
  A manticore (D:11)
  A wolf spider (D:13)
  The ghost of grizmgrazm2 the Thaumaturge, a novice DEEE (D:7)
  6 centaur zombies (D:12)
  A gargoyle (D:11)
  A komodo dragon (D:13)
  2 kobold demonologists
  An efreet (D:13)
  An unseen horror (D:11)
  3 trolls
  Sigmund (D:5)
  A slime creature (D:8)
  5 shadows
  10 yaks
  5 wraiths
  2 wyverns
  2 steam dragons
  A basilisk (D:12)
  Menkaure (D:5)
  2 vampire mosquitoes (D:11)
  Edmund (D:4)
  A water moccasin (D:7)
  A sky beast (D:6)
  A black bear (D:7)
  6 orc warriors
  2 ice beasts
  6 ogres
  9 centaurs
  2 bullfrogs
  3 kobold brigands
  2 scorpions
  2 gnoll sergeants
  9 wights
  14 killer bees
  10 howler monkeys
  3 hounds
  5 jellies
  A gnoll bouda (D:9)
  3 orc priests
  Crazy Yiuf (D:2)
  A boggart zombie (D:12)
  14 orc wizards
  4 iguanas
  14 mummies (Ossuary)
  Robin (D:2)
  12 gnolls
  6 river rats (Sewer)
  9 adders
  A white imp (D:6)
  An ufetubus (D:6)
  5 worms
  2 dart slugs
  37 orcs
  14 ball pythons
  5 endoplasms
  3 giant cockroaches
  17 goblins
  8 hobgoblins
  5 jackals (Sewer)
  6 quokkas
  11 bats
  A frilled lizard (Sewer)
  2 gnoll skeletons (Ossuary)
  A goblin skeleton (Ossuary)
  22 kobolds
  3 kobold skeletons (Ossuary)
  2 orc skeletons (Ossuary)
  4 rats
  11 rat skeletons (Ossuary)
  A spectral orc (D:3)
366 creatures vanquished.

Vanquished Creatures (collateral kills)
  A killer bee (D:10)
1 creature vanquished.

Vanquished Creatures (others)
  A slime creature (D:12)
1 creature vanquished.

Grand Total: 368 creatures vanquished

Notes
Turn   | Place    | Note
-------+----------+-------------------------------------------
     0 | D:1      | ripuliukko the Deep Elf Earth Elementalist began the quest
                  | for the Orb.
     0 | D:1      | Reached XP level 1. HP: 10/10 MP: 6/6
   271 | D:1      | Reached XP level 2. HP: 15/15 MP: 6/8
   376 | D:1      | Found a faded altar of an unknown god.
   953 | D:1      | Reached XP level 3. HP: 11/19 MP: 7/10
  1079 | D:1      | Learned a level 3 spell: Stone Arrow
  1083 | D:1      | Learned a level 3 spell: Mephitic Cloud
  1194 | D:2      | Reached skill level 4 in Spellcasting
  1220 | D:2      | Noticed Robin
  1472 | D:2      | Killed Robin
  1617 | D:2      | Found a runed translucent door.
  1618 | D:2      | Noticed Crazy Yiuf
  1662 | D:2      | Reached XP level 4. HP: 24/24 MP: 8/12
  1815 | D:2      | Reached skill level 1 in Evocations
  2248 | D:2      | Reached skill level 1 in Conjurations
  2411 | D:3      | Reached XP level 5. HP: 28/28 MP: 11/14
  2448 | D:3      | Reached skill level 5 in Spellcasting
  2784 | D:3      | Found a basalt altar of Yredelemnul.
  2943 | D:2      | Killed Crazy Yiuf
  3021 | D:4      | Identified a scroll of acquirement
  3021 | D:4      | Acquired 1024 gold pieces
  3223 | D:4      | Reached XP level 6. HP: 32/32 MP: 14/16
  3317 | D:4      | Found a staircase to the Ecumenical Temple.
  3319 | D:4      | Noticed Edmund
  3333 | D:4      | Killed Edmund
  3334 | D:4      | Reached skill level 6 in Spellcasting
  3334 | D:4      | Reached skill level 5 in Earth Magic
  3345 | D:4      | Found Meqa's Assorted Antiques.
  3350 | D:4      | Bought a tourmaline ring for 155 gold pieces
  3350 | D:4      | Bought a scroll labelled YRGHAI IRIQ for 31 gold pieces
  3350 | D:4      | Bought 2 scrolls labelled CAUBUA WOYFEXT for 62 gold pieces
  3350 | D:4      | Bought a scroll labelled RIL WEUTILAI for 31 gold pieces
  3350 | D:4      | Bought a scroll labelled BOZARCHOSAIS for 31 gold pieces
  3350 | D:4      | Bought an inky potion for 27 gold pieces
  3433 | D:4      | Found a sand-covered staircase.
  3439 | Ossuary  | Entered an ossuary
  3695 | Ossuary  | Reached XP level 7. HP: 36/36 MP: 12/18
  4507 | Temple   | Entered the Ecumenical Temple
  4642 | Temple   | Became a worshipper of Vehumet
  4939 | D:5      | Entered Level 5 of the Dungeon
  4939 | D:5      | Noticed Menkaure
  4940 | D:5      | Killed Menkaure
  4941 | D:5      | Reached skill level 7 in Spellcasting
  4972 | D:5      | Noticed Sigmund
  4975 | D:5      | Killed Sigmund
  5030 | D:5      | Reached XP level 8. HP: 41/41 MP: 16/21
  5043 | D:5      | Reached skill level 8 in Spellcasting
  5589 | D:5      | Found a shadowy altar of Dithmenos.
  5633 | D:5      | Found an opulent altar of Gozag.
  5979 | D:6      | Reached * piety under Vehumet
  5979 | D:6      | Offered knowledge of Shock by Vehumet.
  6097 | D:6      | Found a sparkling altar of Nemelex Xobeh.
  6312 | D:6      | Reached skill level 1 in Staves
  6312 | D:6      | Reached skill level 9 in Spellcasting
  6389 | D:6      | Found a glowing drain.
  6402 | Sewer    | Entered a sewer
  6449 | Sewer    | Reached skill level 1 in Fighting
  6839 | Sewer    | Reached ** piety under Vehumet
  6906 | Sewer    | Offered knowledge of Searing Ray by Vehumet.
  7278 | D:6      | Found a shimmering altar of Xom.
  7280 | D:6      | Found a shimmering altar of Xom.
  7280 | D:6      | Found a shimmering altar of Xom.
  7281 | D:6      | Found a shimmering altar of Xom.
  7281 | D:6      | Found a shimmering altar of Xom.
  7774 | D:7      | Reached XP level 9. HP: 47/47 MP: 7/24
  8555 | D:7      | Found Danyng's Assorted Antiques.
  8678 | D:7      | Bought a scroll labelled LARRUPS FIXOIM for 27 gold pieces
  8678 | D:7      | Bought a potion of curing for 81 gold pieces
  8867 | D:7      | Found a runed translucent door.
  8876 | D:7      | Noticed grizmgrazm2's ghost (novice DEEE)
  9018 | D:7      | Reached skill level 10 in Spellcasting
  9201 | D:7      | Killed grizmgrazm2's ghost
  9202 | D:7      | Reached skill level 5 in Conjurations
  9202 | D:7      | Reached skill level 1 in Air Magic
  9202 | D:7      | Reached skill level 1 in Poison Magic
 10101 | D:9      | Acquired Sif Muna's Codex of Electrocution and the Dragon
 10109 | D:9      | Learned a level 5 spell: Fireball
 10113 | D:9      | Learned a level 3 spell: Swiftness
 10129 | D:9      | Reached skill level 11 in Spellcasting
 10137 | D:9      | Reached XP level 10. HP: 25/54 MP: 8/27
 10203 | D:9      | Reached skill level 1 in Fire Magic
 10433 | D:9      | Identified the +10 falchion "Elf's Bane" {heavy, Str+2
                  | Dex+2}
 10441 | D:9      | Offered knowledge of Volatile Blastmotes by Vehumet.
 10690 | D:9      | Noticed a centaur warrior
 10694 | D:9      | Killed a centaur warrior
 10864 | D:9      | Noticed a red ugly thing
 10875 | D:9      | Killed a red ugly thing
 10876 | D:9      | Reached skill level 12 in Spellcasting
 10979 | D:9      | Reached *** piety under Vehumet
 11068 | D:9      | Found a white marble altar of Elyvilon.
 11069 | D:9      | Found a hazy altar of Hepliaklqana.
 11191 | D:9      | Found Dihysuf's Armour Boutique.
 11199 | D:9      | Bought a +2 pair of boots of flying for 258 gold pieces
 11204 | D:9      | Bought a +3 leather armour of poison resistance for 252
                  | gold pieces
 11341 | D:9      | Bought a +1 buckler of fire resistance for 198 gold pieces
 11525 | D:10     | Entered Level 10 of the Dungeon
 11541 | D:10     | Noticed a two-headed ogre
 11547 | D:10     | Killed a two-headed ogre
 11704 | D:10     | Offered knowledge of Fulminant Prism by Vehumet.
 11705 | D:10     | Reached skill level 1 in Shields
 11843 | D:10     | Reached XP level 11. HP: 58/58 MP: 20/29
 11959 | D:10     | Noticed a two-headed ogre
 11963 | D:10     | Killed a two-headed ogre
 11964 | D:10     | Reached skill level 1 in Armour
 12314 | D:10     | Noticed a two-headed ogre
 12317 | D:10     | Killed a two-headed ogre
 12373 | D:10     | Found an ornate altar of the Wu Jian Council.
 12413 | D:10     | Found a staircase to the Orcish Mines.
 12478 | D:10     | Found a staircase to the Lair.
 12782 | D:11     | Noticed Sonja
 12784 | D:11     | Killed Sonja
 12785 | D:11     | Reached skill level 5 in Fire Magic
 12831 | D:11     | Noticed Fannar
 12837 | D:11     | Killed Fannar
 12852 | D:11     | Reached skill level 13 in Spellcasting
 13082 | D:11     | Reached **** piety under Vehumet
 13083 | D:11     | Reached skill level 1 in Throwing
 13259 | D:11     | Learned a level 6 spell: Plasma Beam
 13342 | D:11     | Offered knowledge of Iskenderun's Mystic Blast by Vehumet.
 13577 | D:11     | Noticed a two-headed ogre
 13579 | D:11     | Killed a two-headed ogre
 13699 | D:11     | Noticed Erica
 13703 | D:11     | Killed Erica
 13857 | D:11     | Noticed a boulder beetle
 13869 | D:11     | Killed a boulder beetle
 14021 | D:11     | Identified the +0 robe "Hulu" {*Slow rF+++ Int+6 Stlth-}
 14223 | D:12     | Reached XP level 12. HP: 64/64 MP: 26/31
 14229 | D:12     | Noticed a two-headed ogre
 14234 | D:12     | Killed a two-headed ogre
 14235 | D:12     | Reached skill level 5 in Evocations
 14387 | D:12     | Acquired the ring "Norghehoi" {rC+ rN+ Str+4 SInv}
 14665 | D:12     | Reached skill level 14 in Spellcasting
 14688 | D:12     | Learned a level 4 spell: Iskenderun's Mystic Blast
 15208 | D:13     | Noticed a tengu warrior
 15212 | D:13     | Killed a tengu warrior
 15214 | D:13     | Noticed a boulder beetle
 15226 | D:13     | Killed a boulder beetle
 15286 | D:13     | Reached skill level 10 in Earth Magic
 15422 | D:13     | Noticed Lodul
 15426 | D:13     | Killed from afar by Lodul

Illustrated notes

Levels and vault maps discovered:
D:1:      dpeg_arrival_more_subterranean_lakeside_camping, layout_basic,
          hellmonk_ecumenical_altar_run_dry, serial_forest,
          infiniplex_forest_lined_3, infiniplex_forest_diagonal,
          infiniplex_forest_end_2, infiniplex_forest_lined_3
D:2:      layout_basic, uniq_robin, uniq_crazy_yiuf_cottage
D:3:      layout_rooms, yredelemnul_forgotten_temple_becter, st_stairs_2
D:4:      layout_basic, minmay_temple_entry_wispy, nicolae_ossuary_entry_plus,
          serial_shops, nicolae_shop_advertising_works
          [nicolae_subvault_shop_adworks], uniq_edmund
D:5:      layout_loops_corners, nicolae_dithmenos_through_a_glass_darkly,
          nicolae_gozag_seed_capital, feat_on_display, uniq_menkaure,
          uniq_sigmund
D:6:      layout_loops_corners, xom_redecorated, lemuel_round_altar,
          cheibrodos_sewer_entry_sluice
D:7:      layout_basic, ebering_ghost_reflecting_pool, serial_shops, shop
D:8:      layout_rooms
D:9:      layout_cave_pools, mainiacjoe_overflow_big_doors, serial_shops,
          nicolae_shop_crystal, minmay_diamond_spiral
D:10:     kennysheep_spiral_hall, layout_irregular_city,
          mainiacjoe_overflow_alcove_1, lair_entry_dummy, orc_0_dummy
D:11:     layout_roguey, uniq_sonja, uniq_erica, uniq_fannar
D:12:     layout_roguey, serial_undead, serial_undead_a, serial_undead_b,
          serial_undead_e, serial_undead_e, uniq_azrael
D:13:     layout_small_grid, hangedman_vaults_entry_quadrant_bands,
          gammafunk_ghost_smash, portal_ice_cave_entry_pillars_1,
          item_on_display_a, uniq_lodul
Temple:   nicolae_temple_superstar

Skill      XL: |  1  2  3  4  5  6  7  8  9 10 11 12 |
---------------+-------------------------------------+-----
Spellcasting   | 4 5 6 7 9 11 12 13 14 | 14.4
Earth Magic    | 4 5 6 7 8 9 10 | 10.1
Evocations     | 1 2 3 4 6 |  6.3
Conjurations   | 1 2 3 4 6 7 9 |  9.9
Stealth        | 3 |  3.5
Dodging        | 3 4 |  4.4
Staves         | 2 3 |  3.0
Fighting       | 1 2 |  2.4
Air Magic      | 1 2 |  2.4
Poison Magic   | 2 3 |  3.6
Fire Magic     | 4 5 6 |  6.5
Shields        | 1 3 4 |  4.2
Armour         | 2 3 |  3.4
Throwing       | 2 3 |  3.1
Transmutations | |  1.3

Action                     |  1- 3 |  4- 6 |  7- 9 | 10-12 || total
---------------------------+-------+-------+-------+-------++-------
  Melee: Staff             |     8 |    14 |    29 |    16 ||    67
  Throw: Dart              |       |       |       |     4 ||     4
   Cast: Sandblast         |    64 |    72 |   145 |   100 ||   381
         Stone Arrow       |     3 |     8 |    66 |    80 ||   157
         Mephitic Cloud    |       |       |     3 |    17 ||    20
         Fireball          |       |       |       |    77 ||    77
         Iskenderun's Myst |       |       |       |     3 ||     3
  Evoke: Lightning rod     |       |       |       |     1 ||     1
    Use: Scroll            |       |    10 |    15 |     2 ||    27
         Potion            |       |       |     3 |     4 ||     7
   Stab: Confused          |       |       |       |     2 ||     2
 Armour: Robe              |     1 |       |       |       ||     1
         Animal skin       |       |    16 |    45 |     8 ||    69
         Leather armour    |       |       |       |    40 ||    40
         Skin              |       |       |       |     1 ||     1
  Dodge: Dodged            |    20 |    21 |    77 |    88 ||   206
  Block: Buckler           |       |       |       |    41 ||    41
         Reflection        |       |       |       |     1 ||     1
